 Dungeon Crawl Stone Soup version 0.28.0-45-g0d030f2227 (webtiles) character file.

Game seed: 9321800596126007362

8298 MisterFreud the Fighter (level 11, -3/108 (118) HPs)
             Began as a Yellow Draconian Transmuter on Apr 15, 2022.
             Was a Follower of Ru.
             Slain by a manticore (18 damage)
             ... on level 11 of the Dungeon.
             The game lasted 00:24:32 (14952 turns).

MisterFreud the Fighter (DrTm)                     Turns: 14952, Time: 00:24:32

HP:   -3/108 (118)  AC:  8    Str: 12    XL:     11   Next: 8%
MP:   0/12          EV: 13    Int: 16    God:    Ru [*.....]
Gold: 98            SH:  0    Dex: 14    Spells: 5/14 levels left

rFire   x x .      SeeInvis .     - Unarmed
rCold   + + +      Faith    .   (shield currently unavailable)
rNeg    . . .      Spirit   +   (armour unavailable)
rPois   +          Reflect  .   (helmet currently unavailable)
rElec   .          Harm     .   (cloak currently unavailable)
rCorr   .          Rampage  .   (gloves currently unavailable)
Will    +....                   (boots currently unavailable)
Stlth   +.........              e - amulet of guardian spirit
HPRegen 0.28/turn               F - ring of ice
MPRegen 0.13/turn               s - ring of willpower

@: ice-form, studying Shields, drained
A: freezing attack, amphibious, boosted hp, (spit acid), AC +7, large, unfitting
armour, low MP 1, (cold-blooded), no fire magic, no hexes magic, no summoning
magic, (acid resistance)
a: End Transformation, Renounce Religion


You were on level 11 of the Dungeon.
You worshipped Ru.
Ru was aware of your devotion.
You were a creature of crystalline ice.
You visited 2 branches of the dungeon, and saw 12 of its levels.

You collected 495 gold pieces.
You spent 397 gold pieces at shops.

Inventory:

Missiles
 i - 36 poisoned darts
 x - 7 curare-tipped darts
 E - 6 boomerangs of dispersal
Armour
 j - a +0 cloak (melded)
 t - a +2 pair of boots of stealth (melded)
Jewellery
 c - a ring of protection from cold
 e - an amulet of guardian spirit (around neck)
 s - a ring of willpower (right front paw)
 y - a ring of positive energy
 A - a ring of poison resistance
 D - a ring of flight
 F - a ring of ice (left front paw)
Wands
 k - a wand of digging (5)
 w - a wand of mindburst (3)
 G - a wand of charming (4)
Scrolls
 a - a scroll of summoning
 d - a scroll of enchant armour
 f - 2 scrolls of noise
 m - a scroll of teleportation
 n - a scroll of brand weapon
 o - 2 scrolls of amnesia
 q - a scroll of fog
 v - a scroll of immolation
 z - a scroll of enchant weapon
 I - 2 scrolls of blinking
 J - a scroll of magic mapping
 K - a scroll of silence
Potions
 b - 3 potions of flight
 g - 2 potions of mutation
 h - a potion of might
 l - a potion of invisibility
 p - a potion of attraction
 r - 3 potions of resistance
 u - a potion of lignification
 B - 2 potions of magic
 C - 2 potions of curing
 H - a potion of ambrosia {unknown}


   Skills:
 + Level 9.9 Fighting
 + Level 8.9 Dodging
 + Level 9.4 Unarmed Combat
 - Level 2.0 Spellcasting
 - Level 6.0 Transmutations
 - Level 4.0 Ice Magic


You had 5 spell levels left.
You knew the following spells:

 Your Spells              Type           Power      Damage    Failure   Level
b - Wereblood             Tmut           20%        N/A       2%          2
c - Spider Form           Tmut/Pois      11%        N/A       19%         3
d - Ice Form              Ice/Tmut       26%        N/A       26%         4

Your spell library contained the following spells:

 Spells                   Type           Power      Damage    Failure   Level
 Beastly Appendage        Tmut           40%        N/A       1%          1
 Animate Skeleton         Necr           2%         N/A       21%         1
 Magic Dart               Conj           4%         1d3       21%         1
 Blink                    Tloc           2%         N/A       30%         2
 Mephitic Cloud           Conj/Pois/Air  1%         N/A       52%         3
 Manifold Assault         Tloc           1%         N/A       99%         5
 Storm Form               Tmut/Air       5%         N/A       100%        7
 Call Imp                 Summ           Unusable   N/A       N/A         2

Dungeon Overview and Level Annotations

Branches:
Dungeon (11/15)            Temple (1/1) D:6            Lair (0/6) D:9
    Orc (0/2) D:9

Altars:
Ashenzari
Cheibriados
Dithmenos
Elyvilon
Fedhas
Gozag
Hepliaklqana
Kikubaaqudgha
Makhleb
Nemelex Xobeh
Okawaru
Qazlal
Ru
Sif Muna
Trog
Uskayaw
Vehumet
Wu Jian
Xom
Yredelemnul
Zin
The Shining One

Shops:
D:3 *(?   D:5 (   D:9 [   D:10 ?

Portals:
Trove: D:11 (give 7 potions of haste)

Annotations:
D:4 2 transporters


Innate Abilities, Weirdness & Mutations

You are a creature of crystalline ice.
You have a powerful freezing melee attack.
You are amphibious.
Your maximum health is increased.
Your armour is entirely melded.
You are incapable of wielding weapons or throwing items.
((You can spit globs of acid.))
((Your golden yellow scales are hard. (AC +7)))
You cannot fit into any form of body armour.
Your magical capacity is low. (-10% MP)
((You are cold-blooded and may be slowed by cold attacks.))
You cannot study or cast Fire magic.
You cannot study or cast Hexes magic.
You cannot study or cast Summoning magic.
((You are resistant to acid. (rCorr)))


Message History

The manticore bites you but does no damage.
The manticore claws you but does no damage.
The manticore claws you. Nergalle hits you with a +0 dagger.
You hit Nergalle. You freeze Nergalle.
Nergalle is almost dead.
The spectral orc warrior hits you with a +0 war axe.
You feel drained.
The spectral orc warrior hits you with a +0 scimitar.
You feel drained.
* * * LOW HITPOINT WARNING * * *
The spectral orc warrior barely misses you.
The manticore misses you. The manticore closely misses you.
The manticore claws you.
* * * LOW HITPOINT WARNING * * *
Nergalle points at you and mumbles some strange words.
Orcish apparitions take form around you.
You hit Nergalle but do no damage.
Nergalle is almost dead.
The spectral orc warrior misses you.
The spectral orc warrior hits you but does no damage.
The spectral orc warrior barely misses you.
The manticore bites you but does no damage.
The manticore claws you but does no damage.
The manticore barely misses you.
Unknown command.
You hit Nergalle but do no damage.
Nergalle is almost dead.
Nergalle hits you with a +0 dagger.
* * * LOW HITPOINT WARNING * * *
The spectral orc warrior hits you with a +0 war axe!
* * * LOW HITPOINT WARNING * * *
The spectral orc warrior misses you.
The spectral orc warrior hits you from afar with a +0 halberd.
* * * LOW HITPOINT WARNING * * *
You pummel Nergalle!! You freeze Nergalle.
You kill Nergalle!
The spectral orc warrior disappears in a puff of smoke! x4
The spectral orc disappears in a puff of smoke! x2
The manticore bites you!!
You die...

#........# #........#
#........# ####
#........# ########...
###........###........≈≈
......................≈.
......................≈.
......§§..............≈.
......)Y§...(.........≈≈
......H§§...............
.......§.............###
.##########..........#..
#..........#..
#..........#..
#..........#..
#++###...### #......


You could see a manticore.

Vanquished Creatures
  Fannar (D:10)
  A two-headed ogre (D:9)
  Nergalle (D:11)
  2 kobold demonologists (D:11)
  A wyvern (D:10)
  10 yaks
  A wraith (D:10)
  2 steam dragons
  Menkaure (D:6)
  Edmund (D:5)
  2 water moccasins
  An acid dragon (D:10)
  4 orc warriors
  3 sky beasts
  4 ogres
  An ice beast (D:5)
  3 centaurs
  A phantom (D:5)
  2 kobold brigands
  3 bullfrogs
  A scorpion (D:4)
  A wyvern zombie (D:9)
  2 water moccasin skeletons
  A wyvern skeleton (D:5)
  8 killer bees (D:9)
  9 wights
  A vampire bat (D:10)
  6 electric eels (D:10)
  A howler monkey (D:10)
  2 centaur zombies
  7 hounds
  Crazy Yiuf (D:2)
  A centaur skeleton (D:3)
  7 orc priests
  Jessica (D:3)
  Ijyb (D:3)
  4 iguanas
  4 orc wizards
  Natasha (thrice) (D:3)
  A hound skeleton (D:4)
  4 gnolls (D:5)
  9 adders
  An adder skeleton (D:4)
  2 worms (D:3)
  2 dart slugs
  22 orcs
  7 endoplasms
  5 giant cockroaches
  6 goblins
  4 hobgoblins
  7 jackals (D:1)
  5 quokkas
  9 ball pythons
  17 bats
  3 frilled lizards
  15 kobolds
  6 rats
231 creatures vanquished.

Vanquished Creatures (others)
  An adder (D:4)
  25 plants (D:10)
26 creatures vanquished.

Grand Total: 257 creatures vanquished

Notes
Turn   | Place    | Note
-------+----------+-------------------------------------------
     0 | D:1      | MisterFreud the Draconian Transmuter began the quest for
                  | the Orb.
     0 | D:1      | Reached XP level 1. HP: 16/16 MP: 3/3
   214 | D:1      | Reached XP level 2. HP: 13/23 MP: 3/5
   218 | D:1      | Learned a level 2 spell: Wereblood
   989 | D:1      | Reached XP level 3. HP: 28/28 MP: 4/6
   993 | D:1      | Learned a level 3 spell: Spider Form
  1230 | D:1      | Found a faded altar of an unknown god.
  1669 | D:2      | Reached XP level 4. HP: 27/35 MP: 4/7
  1766 | D:2      | Found a runed translucent door.
  1767 | D:2      | Noticed Crazy Yiuf
  2285 | D:2      | Killed Crazy Yiuf
  2478 | D:3      | Found Wiokuon's General Store.
  2482 | D:3      | Noticed Jessica
  2499 | D:3      | Reached skill level 5 in Transmutations
  2501 | D:3      | Killed Jessica
  2502 | D:3      | Reached XP level 5. HP: 9/41 MP: 5/8
  2821 | D:3      | Found a hazy altar of Hepliaklqana.
  3023 | D:3      | Noticed Ijyb
  3026 | D:3      | Found Hopegubi's Weapon Shoppe.
  3038 | D:3      | Killed Ijyb
  3316 | D:3      | Found Caamn's Magic Scroll Shoppe.
  3317 | D:3      | Noticed Natasha
  3322 | D:3      | Killed Natasha
  3329 | D:3      | Noticed Natasha
  3337 | D:3      | Killed Natasha
  3338 | D:3      | Reached XP level 6. HP: 46/52 MP: 5/9
  3376 | D:3      | Bought a scroll of teleportation for 33 gold pieces
  3419 | D:3      | Found a blossoming altar of Fedhas.
  3419 | D:3      | Found a bloodstained altar of Trog.
  3562 | D:3      | Noticed Natasha
  3570 | D:3      | Killed Natasha
  3963 | D:4      | Noticed a steam dragon
  3979 | D:4      | Killed a steam dragon
  3980 | D:4      | Reached skill level 5 in Fighting
  3980 | D:4      | Your scales start taking on a golden yellow colour.
  3980 | D:4      | Reached XP level 7. HP: 30/61 MP: 7/10
  3980 | D:4      | Gained mutation: You are resistant to acid. (rCorr) [Yellow
                  | Draconian growth]
  4540 | D:4      | Found a transporter.
  4602 | D:4      | Found a transporter.
  4991 | D:4      | Found a radiant altar of Vehumet.
  4995 | D:4      | Found a shimmering blue altar of Sif Muna.
  4995 | D:4      | Found an ancient bone altar of Kikubaaqudgha.
  5001 | D:4      | Got Kikubaaqudgha's Almanac of Evil
  5239 | D:5      | Entered Level 5 of the Dungeon
  5497 | D:5      | Found a sparkling altar of Nemelex Xobeh.
  5520 | D:5      | Found an opulent altar of Gozag.
  5617 | D:6      | Reached skill level 5 in Dodging
  5644 | D:6      | Reached XP level 8. HP: 12/70 MP: 7/11
  6099 | D:5      | Learned a level 4 spell: Ice Form
  6333 | D:5      | Found a burning altar of Makhleb.
  6335 | D:5      | Found Widgheeve's Weapon Shoppe.
  6423 | D:5      | Noticed Edmund
  6437 | D:5      | Killed Edmund
  6438 | D:5      | Reached skill level 1 in Ice Magic
  7479 | D:6      | Noticed Menkaure
  7488 | D:6      | Killed Menkaure
  7551 | D:6      | Reached skill level 5 in Unarmed Combat
  7879 | D:6      | Found a staircase to the Ecumenical Temple.
  7883 | Temple   | Entered the Ecumenical Temple
  7997 | Temple   | Became a worshipper of Ru the Awakened
  8084 | D:7      | Reached XP level 9. HP: 68/75 MP: 6/12
  8840 | D:7      | Found a shadowy altar of Dithmenos.
  9374 | D:7      | Gained mutation: You cannot study or cast Fire magic. [Ru
                  | sacrifice]
  9374 | D:7      | Gained mutation: You cannot study or cast Hexes magic. [Ru
                  | sacrifice]
  9374 | D:7      | Gained mutation: You cannot study or cast Summoning magic.
                  | [Ru sacrifice]
  9374 | D:7      | Reached * piety under Ru
  9623 | D:7      | Found an ornate altar of the Wu Jian Council.
 10428 | D:8      | Reached XP level 10. HP: 77/88 MP: 9/13
 10699 | D:9      | Noticed a two-headed ogre
 10708 | D:9      | Found a hide-covered altar of Uskayaw.
 10714 | D:9      | Killed a two-headed ogre
 10948 | D:9      | Found Lapp's Armour Emporium.
 11181 | D:9      | Found a staircase to the Orcish Mines.
 11317 | D:9      | Found a staircase to the Lair.
 11679 | D:9      | Found a stormy altar of Qazlal.
 12566 | D:10     | Entered Level 10 of the Dungeon
 12645 | D:10     | Noticed Fannar
 12686 | D:10     | Killed Fannar
 13033 | D:10     | Gained mutation: Your magical capacity is low. (-10% MP)
                  | [Ru sacrifice]
 14047 | D:10     | Reached XP level 11. HP: 94/99 MP: 6/12
 14449 | D:10     | Found Hitacsuj's Magic Scroll Shoppe.
 14452 | D:10     | Bought a scroll of blinking for 105 gold pieces
 14452 | D:10     | Bought a scroll of blinking for 105 gold pieces
 14452 | D:10     | Bought a scroll of magic mapping for 49 gold pieces
 14452 | D:10     | Bought a scroll of silence for 105 gold pieces
 14536 | D:11     | Noticed a soul eater
 14907 | D:11     | Found a portal to a secret trove of treasure.
 14935 | D:11     | Noticed Nergalle
 14952 | D:11     | Killed Nergalle
 14952 | D:11     | Slain by a manticore

Illustrated notes

Levels and vault maps discovered:
D:1:      minmay_arrival_plants_in_alcoves, layout_basic,
          shapermc_ecumenical_altar_hornbeckon, chequers_jeans
D:2:      layout_basic, uniq_crazy_yiuf_cottage
D:3:      layout_loops_ring, grunt_temple_overflow_open,
          nzn_hepliaklqana_mist_gate, serial_shops,
          nicolae_shop_bloodbath_and_beyond, shop, nicolae_shop_statue_plus,
          uniq_ijyb, uniq_jessica, uniq_natasha
D:4:      gammafunk_cloud_chamber, layout_basic,
          grunt_temple_overflow_magic_moments
D:5:      layout_basic, nemelex_xobeh_ov_fountains_minmay, grunt_gozag_statues,
          makhleb_heckhound_becter, serial_shops,
          nicolae_shop_temple_entry_statues_fountains, gup_sewer_entry_glass,
          uniq_edmund
D:6:      layout_loops_ring, temple_hall_moat, uniq_menkaure
D:7:      layout_layer_cave, nzn_wu_jian_council_hall,
          mainiacjoe_overflow_24_doors, kennysheep_crisscross
D:8:      layout_loops_cross
D:9:      layout_stronghold, lemuel_crystal_altar,
          nicolae_qazlal_style_of_elements, dpeg_oklobed_lair, orc_0_dummy,
          serial_shops, shop, minivault_22
D:10:     layout_roguey, serial_bayou, serial_bayou_pond_d,
          serial_bayou_crossing, serial_bayou_ford_a, serial_bayou_lake_a,
          serial_shops, kennysheep_mini_moat, roderic_batcave, uniq_fannar
D:11:     layout_irregular_city, nicolae_trove_entry_isolated, uniq_nergalle
Temple:   nicolae_temple_figure_zero

Skill      XL: |  1  2  3  4  5  6  7  8  9 10 |
---------------+-------------------------------+-----
Transmutations | 3 4 5 6 |  6.0
Fighting       | 2 4 5 6 7 9 |  9.9
Dodging        | 2 3 5 6 7 8 |  8.9
Ice Magic      | 4 |  4.0
Unarmed Combat | 5 7 9 |  9.4
Spellcasting   | |  2.0

Action                   |  1- 3 |  4- 6 |  7- 9 | 10-12 || total
-------------------------+-------+-------+-------+-------++-------
Melee: Unarmed           |   116 |   143 |   356 |   226 ||   841
       Kick              |    17 |    12 |    12 |       ||    41
       Headbutt          |    10 |     6 |     6 |       ||    22
       Tailslap          |     5 |     8 |    11 |     4 ||    28
       Punch             |     1 |     1 |     4 |     1 ||     7
 Cast: Beastly Appendage |    22 |    14 |     8 |       ||    44
       Spider Form       |     1 |    11 |    28 |    13 ||    53
       Ice Form          |       |       |     1 |     8 ||     9
Invok: Sacrifice Arcana  |       |       |     1 |       ||     1
       Sacrifice Essence |       |       |       |     1 ||     1
 Abil: Breathe Acid      |       |       |    21 |     8 ||    29
       End Transformatio |       |       |       |     1 ||     1
  Use: Potion            |       |       |     4 |       ||     4
       Scroll            |       |       |     9 |     2 ||    11
 Stab: Sleeping          |     1 |       |       |       ||     1
Armor: Skin              |    49 |    28 |    70 |    46 ||   193
Dodge: Dodged            |    90 |   126 |   332 |   233 ||   781
